 Dungeon Crawl Stone Soup version 0.28-a0-533-g9f97627e2a (webtiles) character file.

Game seed: 7384735132506928422

109 AttackTheMoon the Bolt Thrower (level 4, -1/29 HPs)
             Began as an Octopode Wanderer on Sept 25, 2021.
             Slain by a gnoll (5 damage)
             ... on level 3 of the Dungeon.
             The game lasted 00:09:39 (2846 turns).

AttackTheMoon the Bolt Thrower (Octopode Wanderer)  Turns: 2846, Time: 00:09:40

Health: -1/29      AC:  1    Str: 12 (13) XL:     4   Next: 90%
Magic:  0/4        EV: 13    Int: 13 (14) God:
Gold:   109        SH:  0    Dex:  9 (10) Spells: 3/3 levels left

rFire   . . .      SeeInvis .   f - +0 dagger
rCold   . . .      Faith    .   (no shield)
rNeg    . . .      Spirit   +   (helmet restricted)
rPois   +          Reflect  .   e - amulet of guardian spirit
rElec   .          Harm     .   h - ring of poison resistance
rCorr   .          Rampage  .   (no ring)
Will    .....                   (no ring)
Stlth   +++.......              (no ring)
HPRegen 0.09/turn               (no ring)
MPRegen 0.09/turn               (no ring)
                                (no ring)
                                (no ring)

@: mighty
A: almost no armour, amphibious, 8 rings, camouflage 1, gelatinous body 1,
(nimble swimmer 1), tentacles
a: no special abilities


You were on level 3 of the Dungeon.
You visited 1 branch of the dungeon, and saw 3 of its levels.

You collected 109 gold pieces.

Inventory:

Hand Weapons
 a - a +0 hand crossbow
 f - a +0 dagger (weapon)
Missiles
 b - 10 bolts
Armour
 l - a +0 buckler
Jewellery
 e - an amulet of guardian spirit (around mantle)
 h - a ring of poison resistance (left tentacle)
Potions
 c - a potion of curing
 i - a potion of brilliance
 j - a potion of mutation


   Skills:
 + Level 2.2 Fighting
 - Level 0.8 Short Blades
 + Level 4.5 Crossbows
 + Level 2.7 Dodging
 + Level 4.0 Stealth
 + Level 0.2 Shields
 - Level 1.1 Evocations


You had 3 spell levels left.
You didn't know any spells.
Your spell library was empty.

Dungeon Overview and Level Annotations

Branches:
Dungeon (3/15)

Altars:
Hepliaklqana
Trog


Innate Abilities, Weirdness & Mutations

You cannot wear most types of armour.
You are amphibious.
You can wear up to eight rings at the same time.
Your skin changes colour to match your surroundings (Stealth+).
Your rubbery body absorbs attacks. (AC +1, EV +1)
((You are camouflaged near water. (Stealth+)))
You have tentacles for arms and can constrict up to eight enemies at once.


Message History

The gnoll is heavily wounded.
You hear a shout!
A gnoll comes into view. It is wielding a +0 flail.
You shoot a bolt. The bolt barely misses the gnoll. x2
The bolt hits the gnoll.
The gnoll is moderately wounded.
You shoot a bolt. The bolt closely misses the gnoll.
The bolt hits the gnoll but does no damage.
The gnoll is heavily wounded.
You shoot a bolt. The bolt hits the gnoll!
The gnoll is severely wounded.
The gnoll hits you with a +0 mace.
You shoot a bolt. The bolt closely misses the gnoll. x2
The bolt hits the gnoll but does no damage.
The gnoll is moderately wounded.
The gnoll hits you with a +0 mace!
You shoot a bolt.
The bolt hits the gnoll but does no damage.
The gnoll is severely wounded.
The gnoll hits you with a +0 mace!
A gnoll comes into view. It is wielding a +0 spear.
You are too injured to fight recklessly!
You are too injured to fight recklessly!
You are too injured to fight recklessly!
Unknown command.
Sorry, you're not good enough to have a special ability.
You aren't carrying any scrolls.
It was a potion of might.
You feel very mighty all of a sudden. The gnoll barely misses you.
f - a +0 dagger (weapon)
The gnoll hits you with a +0 mace!
* * * LOW HITPOINT WARNING * * *
Okay, then.
Sorry, you're not good enough to have a special ability.
It was a potion of degeneration.
There was something very wrong with that liquid.
You feel weakened.
You feel dopey.
You feel clumsy. The gnoll hits you with a +0 mace.
You die...

## #.# ..# ######.#
#....#.# #.# ...#.#
#.#
####(####.#.#####.###
(..(ggg@......#≈#...
###########.###≈#.#
...........≈..#
#######.#..≈..###
.........#.≈....#
###########≈#.#.####
#≈#.#.#... #≈#.#.#.##
###.#.#.#


You could see 3 gnolls.

Vanquished Creatures
  2 adders
  A worm (D:2)
  2 dart slugs (D:1)
  An orc (D:3)
  7 endoplasms
  6 giant cockroaches
  9 hobgoblins
  9 jackals (D:1)
  2 quokkas
  6 ball pythons
  4 bats
  4 frilled lizards
  9 goblins
  7 kobolds
  2 rats
71 creatures vanquished.

Notes
Turn   | Place    | Note
-------+----------+-------------------------------------------
     0 | D:1      | AttackTheMoon the Octopode Wanderer began the quest for the
                  | Orb.
     0 | D:1      | AttackTheMoon set off with the following items: a +0 hand
                  | crossbow, 19 bolts, a potion of curing, a +0 dagger
     0 | D:1      | Reached XP level 1. HP: 13/13 MP: 1/1
   110 | D:1      | Reached XP level 2. HP: 14/18 MP: 2/2
   408 | D:1      | Found a faded altar of an unknown god.
   421 | D:1      | Reached XP level 3. HP: 18/23 MP: 3/3
  1555 | D:2      | Reached XP level 4. HP: 29/29 MP: 4/4
  1612 | D:2      | Found a hazy altar of Hepliaklqana.
  2552 | D:3      | Found a bloodstained altar of Trog.
  2846 | D:3      | Slain by a gnoll

Illustrated notes

Levels and vault maps discovered:
D:1:      dpeg_arrival_rooms_c, layout_loops_ring, ebering_ecumenical_altar_webs
D:2:      layout_basic, basic_altar
D:3:      layout_basic, lemuel_doored_altar, serial_rivers,
          chequers_serial_rivers_room_a, chequers_serial_rivers_micro_a,
          chequers_serial_rivers_micro_e, chequers_serial_rivers_small_b,
          chequers_serial_rivers_micro_c

Skill      XL: |  1  2  3  4 |
---------------+-------------+-----
Stealth        | 3 4 |  4.0
Fighting       | 2 |  2.2
Short Blades   | |  0.8
Crossbows      | |  4.5
Dodging        | |  2.7
Shields        | |  0.2
Evocations     | |  1.1

Action                   |  1- 3 |  4- 6 || total
-------------------------+-------+-------++-------
Melee: Dagger            |    41 |    20 ||    61
       Constrict         |    11 |     6 ||    17
       Tentacles         |     8 |     3 ||    11
 Fire: Hand crossbow     |    59 |    59 ||   118
  Use: Scroll            |     7 |     1 ||     8
       Potion            |       |     3 ||     3
 Stab: Sleeping          |     8 |     1 ||     9
Armor: Skin              |     3 |       ||     3
Dodge: Dodged            |    32 |    16 ||    48

Table legend: (Time is in decaauts)
 A = Elapsed time spent in this place.
 B = Non-inter-level travel time spent in this place.
 C = Inter-level travel time spent in this place.
 D = Time resting spent in this place.
 E = Time spent auto-exploring this place.
 F = Levels seen in this place.
 G = Mean time per level.
                   A        B        C        D        E       F      G
               +--------+--------+--------+--------+--------+-----+--------+
         Total |   2864 |   2753 |    111 |    414 |   1774 |   3 |  954.7 |
       Dungeon |   2864 |   2753 |    111 |    414 |   1774 |   3 |  954.7 |
               +--------+--------+--------+--------+--------+-----+--------+

Top non-repeatable levels by time:
     D:1: 1247 daAuts
     D:2: 1054 daAuts
     D:3: 562 daAuts
